 Dungeon Crawl Stone Soup version 0.31-a0-1-g4198be8af4 (webtiles) character file.

Game seed: 9933721513426450182

821 Jarnaxa the Magician (level 7, -9/36 HPs)
             Began as a Deep Elf Fire Elementalist on May 2, 2023.
             Mangled by Duvessa
             ... wielding a +0 short sword
              (18 damage)
             ... on level 5 of the Dungeon.
             The game lasted 00:16:58 (5082 turns).

Jarnaxa the Magician (Deep Elf Fire Elementalist)   Turns: 5082, Time: 00:16:59

Health: -9/36      AC:  4    Str: 11    XL:     7   Next: 63%
Magic:  4/20       EV: 13    Int: 22    God:
Gold:   154        SH:  0    Dex: 15    Spells: 5/21 levels left

rFire   . . .        n - staff of conjuration
rCold   . . .        (no shield)
rNeg    + . .        a - +0 robe
rPois   .            (no helmet)
rElec   .            x - +0 cloak
rCorr   .            (no gloves)
SInv    .            q - +0 pair of boots
Will    .....        p - amulet of magic regeneration
Stlth   ++           c - +6 ring of strength
HPRegen 0.26/turn    e - ring of positive energy
MPRegen 0.57/turn

%: no passive effects
@: no status effects
A: no striking features
a: no special abilities


You were on level 5 of the Dungeon.
You visited 1 branch of the dungeon, and saw 5 of its levels.

You collected 258 gold pieces.
You spent 104 gold pieces at shops.

Inventory:

Armour
 a - a +0 robe (worn)
 q - a +0 pair of boots (worn)
 x - a +0 cloak (worn)
Magical Staves
 n - a staff of conjuration (weapon)
Jewellery
 c - a +6 ring of strength (left hand)
 e - a ring of positive energy (right hand)
 p - an amulet of magic regeneration (around neck)
Wands
 r - a wand of digging (5)
 w - a wand of flame (14)
Scrolls
 i - a scroll of enchant weapon
 k - 2 scrolls of fog
 m - a scroll of summoning {unknown}
 s - a scroll of noise
 u - a scroll of teleportation
 v - a scroll of enchant armour {unknown}
Potions
 b - a potion of magic
 d - a potion of brilliance {unknown}
 f - a potion of cancellation {unknown}
 g - a potion of degeneration {unknown}
 h - 2 potions of curing
 j - 2 potions of lignification {unknown}
 l - a potion of might {unknown}
 o - a potion of flight {unknown}
 t - a potion of resistance {unknown}


   Skills:
 + Level 3.5 Dodging
 + Level 3.2 Stealth
 + Level 7.5 Spellcasting
 * Level 4.2 Conjurations
 + Level 6.2 Fire Magic


You had 5 spell levels left.
You knew the following spells:

 Your Spells              Type           Power      Damage    Failure   Level
a - Foxfire               Conj/Fire      100%       2x1d9     1%          1
b - Scorch                Fire           70%        2d7       1%          2
c - Inner Flame           Hex/Fire       22%        N/A       6%          3
d - Volatile Blastmotes   Fire/Tloc      44%        2d13      6%          3
e - Flame Wave            Conj/Fire      46%        2d12      9%          4
f - Mephitic Cloud        Conj/Pois/Air  21%        N/A       13%         3

Your spell library contained the following spells:

 Spells                   Type           Power      Damage    Failure   Level
 Magic Dart               Conj           100%       1d8       1%          1
 Kiss of Death            Conj/Necr      100%       2d13      3%          1
 Momentum Strike          Conj/Tloc      52%        3d9       4%          2
 Beastly Appendage        Tmut           16%        N/A       8%          1
 Sandblast                Erth           16%        2d6       8%          1
 Stone Arrow              Conj/Erth      52%        3d10      10%         3
 Blink                    Tloc           16%        N/A       12%         2
 Call Imp                 Summ           16%        N/A       12%         2
 Lesser Beckoning         Tloc           16%        N/A       12%         2
 Passwall                 Tmut/Erth      6%         N/A       12%         2
 Wereblood                Tmut           8%         N/A       12%         2
 Spider Form              Tmut/Pois      8%         N/A       24%         3


Dungeon Overview and Level Annotations

Branches:
Dungeon (5/15)
 Temple: D:4-7

Altars:
Ashenzari
Dithmenos
Hepliaklqana
Okawaru
Uskayaw

Shops:
D:3 [!::   D:4 !=?[[

Annotations:
D:5 Duvessa


Message History

Casting: Scorch (safe; 1% risk of failure)
Confirm with . or Enter, or press ? or * to list all spells.
Flames lash Duvessa.
Duvessa is burned terribly!
Duvessa is heavily wounded.
Duvessa misses you.
Casting: Scorch (safe; 1% risk of failure)
Confirm with . or Enter, or press ? or * to list all spells.
Flames lash Dowan.
Dowan is severely wounded.
Dowan's fire resistance burns away.
Duvessa hits you with a +0 short sword.
Casting: Scorch (safe; 1% risk of failure)
Confirm with . or Enter, or press ? or * to list all spells.
Flames lash Duvessa.
Duvessa is burned terribly!
Duvessa is severely wounded.
Duvessa hits you with a +0 short sword!
Casting: Scorch (safe; 1% risk of failure)
Confirm with . or Enter, or press ? or * to list all spells.
Flames lash Dowan.
Dowan is burned terribly!
Dowan is severely wounded.
Duvessa barely misses you.
Your magical contamination has completely faded away.
Casting: Scorch (safe; 1% risk of failure)
Confirm with . or Enter, or press ? or * to list all spells.
Flames lash Duvessa.
Duvessa is burned terribly!
Duvessa is almost dead.
Dowan barely misses Duvessa.
Duvessa closely misses you.
Casting: Scorch (safe; 1% risk of failure)
Confirm with . or Enter, or press ? or * to list all spells.
Flames lash Dowan.
Dowan is burned terribly!
You kill Dowan!
Duvessa screams, "No!
How DARE you!"
Duvessa goes berserk!
Duvessa hits you with a +0 short sword!
* * * LOW HITPOINT WARNING * * *
Your Conjurations skill increases to level 4!
Casting: Scorch (safe; 1% risk of failure)
Confirm with . or Enter, or press ? or * to list all spells.
Flames lash Duvessa but do no damage.
Duvessa hits you with a +0 short sword!!
Ouch! That really hurt!
You die...

.....##.# #.......... ........#
#.........^.# ......#.####
#...........# .............
#...........# ##.........##
#...........# #.#.....#####
#...........# ##...........#
#...........###
.#.8.......8.#####)#.........#
.#..............@e...........#
...8.......8.#.###.#.........#
.............#.# #.#.........#
...8..._...8...###.####...)######
#.....###....#.............<....#
#............#.###.####.##.####.#
#..##.......##.....####.##.# #.#
...............######...##.####.#
#.#####.#.........# #....#......#


You could see Duvessa (berserk, combustible).

Vanquished Creatures
  A water moccasin (D:5)
  A black bear (D:4)
  2 ogres (D:5)
  A centaur (D:5)
  A scorpion (D:4)
  Dowan (D:5)
  A jelly (D:4)
  A hound (D:4)
  An iguana (D:4)
  4 gnolls (D:5)
  6 adders
  An ufetubus (D:5)
  A worm (D:5)
  2 dart slugs
  3 orcs
  4 ball pythons
  8 bats
  10 endoplasms
  2 giant cockroaches (D:3)
  6 goblins
  7 hobgoblins
  2 jackals (D:2)
  7 kobolds
  3 quokkas
  4 frilled lizards
  12 rats
92 creatures vanquished.

Vanquished Creatures (collateral kills)
  2 foxfires
2 creatures vanquished.

Vanquished Creatures (others)
  274 foxfires
274 creatures vanquished.

Grand Total: 368 creatures vanquished

Notes
Turn   | Place    | Note
-------+----------+-------------------------------------------
     0 | D:1      | Jarnaxa the Deep Elf Fire Elementalist began the quest for
                  | the Orb.
     0 | D:1      | Reached XP level 1. HP: 10/10 MP: 6/6
   178 | D:1      | Reached XP level 2. HP: 15/15 MP: 1/8
   896 | D:2      | Reached XP level 3. HP: 19/19 MP: 7/9
   956 | D:2      | Learned a level 2 spell: Scorch
   960 | D:2      | Learned a level 3 spell: Inner Flame
  1057 | D:2      | Found a faded altar of an unknown god.
  1126 | D:2      | Got Plato's Grimoire of Unhallowed Ceremonies
  1961 | D:3      | Found Huevoq's Book Emporium.
  1989 | D:3      | Reached XP level 4. HP: 24/24 MP: 5/11
  2197 | D:3      | Reached skill level 4 in Spellcasting
  2390 | D:3      | Found Jockuun's Distillery.
  2391 | D:3      | Found an iron altar of Okawaru.
  2461 | D:3      | Bought a potion of curing for 39 gold pieces
  2461 | D:3      | Bought a potion of heal wounds for 65 gold pieces
  2521 | D:3      | Found Sesor's Antique Armour Shoppe.
  2686 | D:3      | Found a hazy altar of Hepliaklqana.
  2923 | D:3      | Found Yluessia's Book Shop.
  3120 | D:4      | Found Sacwif's Magic Scroll Shop.
  3122 | D:4      | Noticed a scorpion
  3127 | D:4      | Learned a level 3 spell: Volatile Blastmotes
  3130 | D:4      | Killed a scorpion
  3131 | D:4      | Reached XP level 5. HP: 28/28 MP: 8/14
  3188 | D:4      | Found a transporter.
  3188 | D:4      | Found Orghuew's Antique Armour Emporium.
  3214 | D:4      | Found Fokkizor's Antique Armour Shop.
  3229 | D:4      | Found a transporter.
  3320 | D:4      | Found a broken altar of Ashenzari.
  3325 | D:4      | Found Efeipp's Distillery.
  3367 | D:4      | Found Suip's Jewellery Emporium.
  3476 | D:4      | Noticed a black bear
  3481 | D:4      | Killed a black bear
  3482 | D:4      | Reached skill level 5 in Spellcasting
  3482 | D:4      | Reached skill level 5 in Fire Magic
  3491 | D:4      | Reached XP level 6. HP: 32/32 MP: 1/16
  3949 | D:4      | Reached skill level 6 in Spellcasting
  4171 | D:5      | Entered Level 5 of the Dungeon
  4615 | D:5      | Noticed a water moccasin
  4616 | D:5      | Found a hide-covered altar of Uskayaw.
  4622 | D:5      | Killed a water moccasin
  4623 | D:5      | Reached XP level 7. HP: 36/36 MP: 15/19
  4646 | D:5      | Learned a level 4 spell: Flame Wave
  4650 | D:5      | Learned a level 3 spell: Mephitic Cloud
  4669 | D:5      | Reached skill level 7 in Spellcasting
  4716 | D:5      | Found a shadowy altar of Dithmenos.
  4721 | D:5      | Noticed Duvessa
  4723 | D:5      | Noticed Dowan
  5081 | D:5      | Killed Dowan
  5082 | D:5      | Mangled by Duvessa

Illustrated notes

Levels and vault maps discovered:
D:1:      matt_arrival_diagonals, layout_rooms
D:2:      layout_loops_ring, shapermc_ecumenical_altar_rom_forum, minivault_4,
          kennysheep_generic_room_9
D:3:      layout_loops_ring, okawaru_ov_weapons_minmay, lemuel_round_altar,
          serial_shops, nicolae_shop_just_a_little_nook, nicolae_shop_trees,
          shop, nicolae_shop_rolling_square, minmay_stone_trees_medium,
          wad_floor_pattern_2, minivault_11, minmay_misc_feat_doors
D:4:      layout_basic, mainiacjoe_overflow_cross_hatched, serial_shops,
          nicolae_shop_overgrown_old_shop, nicolae_shop_crystal,
          nicolae_shop_hallway_plus, nicolae_diamond_shop,
          nicolae_shop_drivethru, minmay_hedge_maze, nicolae_elevator_lobby_plus
D:5:      layout_basic, overflow_temple_1_default,
          eat_drink_and_be_merry_uskayaw, uniq_duvessa

Skill      XL: |  1  2  3  4  5  6  7 |
---------------+----------------------+-----
Fire Magic     | 4 5 6 |  6.2
Conjurations   | 2 3 4 |  4.2
Spellcasting   | 4 5 6 7 |  7.5
Stealth        | 3 |  3.2
Dodging        | 3 |  3.5

Action                     |  1- 3 |  4- 6 |  7- 9 || total
---------------------------+-------+-------+-------++-------
  Melee: Unarmed           |     7 |       |       ||     7
         Short sword       |     4 |     2 |       ||     6
         Spear             |     1 |       |       ||     1
   Cast: Foxfire           |    93 |    74 |    18 ||   185
         Scorch            |     2 |    20 |    20 ||    42
         Mephitic Cloud    |       |       |     1 ||     1
         Inner Flame       |       |       |     1 ||     1
         Volatile Blastmot |       |       |     1 ||     1
    Use: Scroll            |       |     6 |     1 ||     7
         Potion            |       |       |     1 ||     1
 Armour: Robe              |     4 |     7 |       ||    11
  Dodge: Dodged            |    20 |    20 |    12 ||    52

Table legend: (Time is in decaauts)
 A = Elapsed time spent in this place.
 B = Non-inter-level travel time spent in this place.
 C = Inter-level travel time spent in this place.
 D = Time resting spent in this place.
 E = Time spent auto-exploring this place.
 F = Levels seen in this place.
 G = Mean time per level.
                   A        B        C        D        E       F      G
               +--------+--------+--------+--------+--------+-----+--------+
         Total |   5078 |   4937 |    141 |    657 |   3308 |   5 | 1015.6 |
       Dungeon |   5078 |   4937 |    141 |    657 |   3308 |   5 | 1015.6 |
               +--------+--------+--------+--------+--------+-----+--------+

Top non-repeatable levels by time:
     D:3: 1108 daAuts
     D:4: 1101 daAuts
     D:2: 1067 daAuts
     D:5: 910 daAuts
     D:1: 891 daAuts
